 Dungeon Crawl Stone Soup version 0.32-a0-18-g89e19f1974 (webtiles) character file.

Game seed: 9130514034573007140

312 p00ps00p the Trooper (level 6, -8/84 HPs)
             Began as a Hill Orc Fighter on Jan 17, 2024.
             Killed by divine providence
             ... invoked by an orc priest
              (15 damage)
             ... on level 3 of the Dungeon.
             The game lasted 00:02:58 (2101 turns).

p00ps00p the Trooper (Hill Orc Fighter)             Turns: 2101, Time: 00:02:59

Health: -8/84      AC: 23    Str: 21    XL:     6   Next: 42%
Magic:  6/6        EV:  2    Int:  8    God:
Gold:   98         SH:  4    Dex: 10    Spells: 5/5 levels left

rFire   + . .        a - +0 war axe
rCold   . . .        c - +0 buckler
rNeg    . . .        m - melded +0 chain mail
rPois   +            (helmet currently unavailable)
rElec   .            (cloak currently unavailable)
rCorr   .            (gloves currently unavailable)
SInv    .            (boots currently unavailable)
Will    +....        f - amulet of the acrobat
Stlth   +            k - ring of protection from fire
HPRegen 0.34/turn    (no ring)
MPRegen 0.10/turn

%: acrobat
@: lethally poisoned (-8 -> -17), tree-form
A: stationary, stasis, torment immunity, boosted hp, (cold resistance 1),
strong-willed 1, inability to drink after injury 1
a: Convert to Beogh


You were on level 3 of the Dungeon.
You were a tree.
You visited 1 branch of the dungeon, and saw 3 of its levels.

You collected 98 gold pieces.

Inventory:

Hand Weapons
 a - a +0 war axe (weapon)
Armour
 c - a +0 buckler (worn)
 m - a +0 chain mail (melded)
Jewellery
 f - an amulet of the acrobat (around neck)
 k - a ring of protection from fire (left branch)
 o - the ring "Curuuq" {rCorr Int-3 Dex+4}
   (You took it off a kobold on level 2 of the Dungeon)

   [ring of resist corrosion]

   Int-3:     It affects your intelligence (-3).
   Dex+4:     It affects your dexterity (+4).
   rCorr:     It protects you from acid and corrosion.
 p - the ring of the Haunted God {rF+ rC+ rN++ Str-3 Int+3}
   (You found it on level 2 of the Dungeon)

   [ring of protection from fire]

   Str-3:     It affects your strength (-3).
   Int+3:     It affects your intelligence (+3).
   rF+:       It protects you from fire.
   rC+:       It protects you from cold.
   rN++:      It greatly protects you from negative energy.
Scrolls
 g - a scroll of identify {unknown}
Potions
 b - a potion of brilliance {unknown}
 d - a potion of might
 e - a potion of lignification
 h - a potion of invisibility {unknown}
 i - a potion of mutation
 j - a potion of resistance {unknown}
 l - a potion of enlightenment {unknown}


   Skills:
 + Level 5.2 Fighting
 + Level 4.9 Axes
 + Level 4.7 Armour
 + Level 4.7 Shields


You had 5 spell levels left.
You didn't know any spells.
Your spell library contained the following spells:

 Spells                   Type           Power      Damage    Failure   Level
 Sandblast                Erth           0%         2d4       45%         1
 Ensorcelled Hibernation  Hex/Ice        0%         N/A       61%         2
 Passwall                 Erth           0%         N/A       83%         3
 Stone Arrow              Conj/Erth      0%         3d7       83%         3
 Swiftness                Air            0%         N/A       83%         3
 Brom's Barrelling Bould  Conj/Erth      0%         2d3       99%         4


Dungeon Overview and Level Annotations

Branches:
Dungeon (3/15)

Altars:


Innate Abilities, Weirdness & Mutations

You are a tree.
Your roots penetrate the ground, keeping you stationary.
You cannot be teleported.
You are immune to unholy pain and torment.
Your maximum health is greatly increased.
Your equipment is partially melded.
((Your flesh is cold resistant. (rC+)))
You are strong-willed. (Will+)
You occasionally lose the ability to drink potions when taking damage.


Message History

The orc priest shouts, "Surrender to Beogh and we'll let you live!"
You block the orc priest's attack. The orc barely misses you.
The orc priest hits you from afar with a +0 trident of venom.
You are poisoned.
You barely miss the orc.
You feel very sick.
The orc priest hits you but does no damage.
You are more poisoned.
The orc hits you but does no damage.
You hit the orc.
The orc is moderately wounded.
You feel very sick.
The orc priest hits you from afar with a +0 trident of venom!
* * * LOW HITPOINT WARNING * * *
You are lethally poisoned!
You block the orc's attack.
It was a potion of lignification.
You turn into a tree.
Your +0 chain mail melds into your body.
Your roots penetrate the ground.
* * * LOW HITPOINT WARNING * * *
You feel very sick.
The orc priest hits you but does no damage.
The orc hits you but does no damage.
You slash the orc!
You kill the orc!
* * * LOW HITPOINT WARNING * * *
You feel very sick.
The orc priest hits you but does no damage.
The orc hits you but does no damage.
An orc comes into view. It is wielding a +1 mace of protection.
The orc priest miscasts a cantrip.
It was a potion of mutation.
You feel extremely strange.
You feel resistant to cold.
You occasionally lose the ability to drink potions when taking damage.
You feel strong-willed.
* * * LOW HITPOINT WARNING * * *
You feel very sick.
The orc priest invokes the aid of Beogh against you.
Beogh smites you!
You die... ######## .# #....... .# #....... .# #....... . ####....... ###o ........... oo#

#........ #o#
#...†.... #♣####
#........ #....#
#........
####.#####........
#..............
########.......
#.....##.....†.
#.###.###.####.....
#.........####.####
######.###.....#...


You could see an orc priest and 3 orcs.

Vanquished Creatures
  Grinder (D:3)
  Jessica (D:2)
  A gnoll (D:1)
  4 adders (D:3)
  A dart slug (D:2)
  A ribbon worm (D:3)
  3 orcs (D:3)
  A ball python (D:1)
  An endoplasm (D:1)
  2 giant cockroaches
  3 goblins (D:2)
  3 hobgoblins (D:1)
  4 jackals (D:2)
  3 quokkas
  3 bats
  4 kobolds
  4 rats
40 creatures vanquished.

Notes
Turn   | Place    | Note
-------+----------+-------------------------------------------
     0 | D:1      | p00ps00p the Hill Orc Fighter began the quest for the Orb.
     0 | D:1      | Reached XP level 1. HP: 19/19 MP: 1/1
   124 | D:1      | Reached XP level 2. HP: 19/27 MP: 2/2
   334 | D:1      | Reached skill level 4 in Fighting
   861 | D:2      | Reached XP level 3. HP: 32/33 MP: 3/3
  1173 | D:2      | Identified the ring "Curuuq" {rCorr Int-3 Dex+4}
  1277 | D:2      | Noticed Jessica
  1284 | D:2      | Killed Jessica
  1285 | D:2      | Reached XP level 4. HP: 39/40 MP: 4/4
  1298 | D:2      | Identified the ring of the Haunted God {rF+ rC+ rN++ Str-3
                  | Int+3}
  1893 | D:3      | Noticed Grinder
  1908 | D:3      | Paralysed by Grinder for 2 turns
  1916 | D:3      | Killed Grinder
  1917 | D:3      | Reached skill level 5 in Fighting
  1917 | D:3      | Reached XP level 5. HP: 11/48 MP: 5/5
  1917 | D:3      | Reached XP level 6. HP: 12/56 MP: 6/6
  2101 | D:3      | Gained mutation: Your flesh is cold resistant. (rC+)
                  | [potion of mutation]
  2101 | D:3      | Gained mutation: You occasionally lose the ability to drink
                  | potions when taking damage. [potion of mutation]
  2101 | D:3      | Gained mutation: You are strong-willed. (Will+) [potion of
                  | mutation]
  2101 | D:3      | Killed from afar by an orc priest

Illustrated notes

Levels and vault maps discovered:
D:1:      amcnicky_arrival_choice, layout_rooms, serial_bayou,
          serial_bayou_pond_a, serial_bayou_lagoon_b, serial_bayou_pond_a,
          serial_bayou_pond_d, nicolae_grassy_gnolls
D:2:      layout_basic, corner_web_ring, uniq_jessica
D:3:      layout_basic, uniq_grinder, uniq_sigmund

Skill      XL: |  1  2  3  4 |
---------------+-------------+-----
Axes           | 3 4 |  4.9
Fighting       | 4 5 |  5.2
Armour         | 4 |  4.7
Shields        | 4 |  4.7

Action                     |  1- 3 |  4- 6 || total
---------------------------+-------+-------++-------
  Melee: War axe           |    71 |    65 ||   136
    Use: Scroll            |     2 |     2 ||     4
         Potion            |       |     2 ||     2
 Armour: Scale mail        |    23 |       ||    23
         Chain mail        |    22 |    56 ||    78
         Skin              |       |     4 ||     4
  Dodge: Dodged            |    41 |    26 ||    67
  Block: Buckler           |    20 |    14 ||    34

Table legend: (Time is in decaauts)
 A = Elapsed time spent in this place.
 B = Non-inter-level travel time spent in this place.
 C = Inter-level travel time spent in this place.
 D = Time resting spent in this place.
 E = Time spent auto-exploring this place.
 F = Levels seen in this place.
 G = Mean time per level.
                   A        B        C        D        E       F      G
               +--------+--------+--------+--------+--------+-----+--------+
         Total |   2159 |   2050 |    109 |    271 |   1448 |   3 |  719.7 |
       Dungeon |   2159 |   2050 |    109 |    271 |   1448 |   3 |  719.7 |
               +--------+--------+--------+--------+--------+-----+--------+

Top non-repeatable levels by time:
     D:2: 1059 daAuts
     D:1: 777 daAuts
     D:3: 322 daAuts
